Map: Torres Crepusculares

Players

YoGA

  • Race: Terran Terran
  • League: Diamond

TheZergLord - Winner!

  • Race: Zerg Zerg
  • League: Master

VOD

Have the link to the VOD?

Description

Time

  • Played on: Feb. 20, 2016, 5:21 a.m.
  • Length: 13:58
Show
View Real Time Build Order
Export as new Build Order

YoGA Terran 

Build Orders: Reaper Expand 

Get SALT Encoding   

  12  0:01  SCV  
  13  0:13  SCV  
  14  0:18  Supply Depot  
  14  0:25  SCV  
  15  0:39  SCV  
  15  0:40  Barracks  
  16  0:44  Refinery  
  16  0:51  SCV  
  17  1:03  SCV  
  18  1:15  SCV  
  19  1:27  Reaper  
  19  1:29  Orbital Command  
  20  1:47  Command Center  
  20  1:55  Supply Depot  
  20  1:56  SCV  
  21  2:02  Marine  
  21  2:05  Refinery  
  21  2:08  SCV  
  23  2:20  SCV  
  23  2:22  Factory  
  24  2:26  Barracks Reactor  
  24  2:32  SCV  
  25  2:44  SCV  
  26  2:56  SCV  
  27  3:00  Orbital Command  
  27  3:02  Marine  
  27  3:03  Marine  
  29  3:05  Starport  
  29  3:06  Factory Tech Lab  
  29  3:08  SCV  
  30  3:20  Marine x2, SCV  
  30  3:24  Siege Tank  
  37  3:27  SCV  
  37  3:33  SCV  
  38  3:38  Marine x2  
  38  3:39  SCV  
  41  3:43  Medivac  
  41  3:45  SCV  
  44  3:48  Refinery  
  44  3:51  SCV  
  45  3:56  Marine  
  45  4:01  Supply Depot  
  46  4:11  Command Center  
  46  4:13  Supply Depot  
  46  4:23  Marine x2, SCV x2, Siege Tank  
  53  4:35  SCV x2  
  53  4:36  Starport Reactor  
  53  4:38  Barracks  
  55  4:40  Barracks  
  55  4:41  Engineering Bay  
  55  4:43  Engineering Bay  
  55  4:47  SCV x2  
  55  4:50  Refinery  
  57  4:55  Siege Tank  
  59  5:11  SCV x2  
  55  5:17  Marine x2  
  55  5:20  Terran Infantry Armor Level 1, Terran Infantry Weapons Level 1  
  57  5:21  Armory  
  57  5:25  SCV  
  57  5:26  Orbital Command  
  60  5:36  SCV  
  60  5:37  SCV, Barracks Reactor  
  60  5:39  Barracks Tech Lab  
  60  5:46  Orbital Command  
  60  5:48  SCV  
  60  5:49  Bunker, SCV  
  62  5:54  Missile Turret  
  62  5:57  Siege Tank  
  65  5:58  Medivac  
  65  5:59  Medivac  
  69  6:08  SCV x2  
  71  6:12  SCV  
  71  6:17  Marine x2  
  71  6:18  Marine x2  
  76  6:20  SCV  
  76  6:21  Supply Depot  
  77  6:36  Supply Depot  
  77  6:38  Supply Depot  
  77  6:42  Marine  
  77  6:43  SCV x3, Siege Tank  
  77  6:46  Supply Depot x2  
  84  6:49  Marine  
  85  6:57  Medivac x2, Marine x2, SCV x3  
  85  6:59  Marine  
  85  7:00  Marine  
  95  7:04  Supply Depot x2  
  95  7:07  Marine, Barracks  
  96  7:09  SCV x2  
  96  7:15  Marine x2, Barracks  
  99  7:16  Barracks  
  99  7:17  Marine  
  99  7:19  Stimpack  
  101  7:27  Medivac, Marine x2  
  105  7:33  Marine x2  
  105  7:35  Marine  
  105  7:37  Terran Infantry Weapons Level 2  
  108  7:38  SCV x3  
  108  7:41  Refinery  
  111  7:44  Marine  
  111  7:45  Marine  
  111  7:50  Marine, SCV x2  
  116  7:51  Marine  
  116  7:53  Marine  
  118  8:02  Marine x2  
  120  8:08  Marine  
  120  8:09  SCV  
  120  8:10  Marine x4  
  120  8:11  Marine  
  127  8:21  Marine x2  
  127  8:26  Marine  
  130  8:27  Marine  
  130  8:32  Marine x3  
  113  8:50  Marine x6  
  113  8:51  Marine x2  
  113  8:52  Siege Tank  
  124  8:58  Medivac x2  
  124  8:59  Terran Infantry Armor Level 2  
  128  9:05  Command Center  
  128  9:06  Factory  
  128  9:08  Factory, Marine x5  
  133  9:19  Marine x2  
  133  9:20  Marine  
  133  9:21  Combat Shields  
  136  9:25  Marine  
  137  9:34  Siege Tank  
  137  9:35  Barracks Reactor  
  140  9:54  Marine  
  140  9:56  Barracks Reactor  
  141  10:00  Factory Reactor, Factory Tech Lab  
  141  10:06  Marine x4  
  145  10:19  Marine x3  
  145  10:20  Marine  
  149  10:27  Marine x4  
  152  10:29  Orbital Command  
  152  10:33  Supply Depot  
  152  10:34  Siege Tank x2  
  158  10:37  Marine x2  
  150  10:52  Marine x6  
  150  10:53  Marine x2  
  150  10:56  Marine  
  150  10:57  Marine  
  154  10:58  Widow Mine x2  
  154  11:01  Drilling Claws  
  158  11:05  Widow Mine  
  158  11:06  Siege Tank  
  158  11:10  Marine  
  164  11:22  Barracks Reactor  
  164  11:26  Widow Mine x2  
  168  11:35  Siege Tank  
  171  11:43  Supply Depot x2  
  171  11:54  Liberator  
  171  11:55  Liberator  
  171  12:01  Marine  
  171  12:04  Widow Mine x2, Marine x3, Siege Tank  
  171  12:06  Widow Mine  
  181  12:21  Marine  
  181  12:22  Marine x2  
  164  12:32  Widow Mine  
  164  12:33  Widow Mine  
  164  12:35  Siege Tank  
  164  12:36  Orbital Command, Widow Mine  
  173  12:58  Marine x3  
  173  12:59  Marine x3  
  173  13:01  Widow Mine  
  173  13:05  Siege Tank  
  184  13:14  Marine x3  
  184  13:15  Marine  
  95  13:35  Marine x3  
  95  13:36  Marauder, Marine x3  
  95  13:38  Marine x3  
Show
View Real Time Build Order
Export as new Build Order

TheZergLord Zerg - Winner!

Build Orders: Hatch First, Muta Ling Bane 

Get SALT Encoding   

  12  0:01  Drone  
  13  0:13  Overlord  
  13  0:17  Drone  
  14  0:31  Drone x2  
  16  0:36  Drone  
  17  0:56  Hatchery  
  16  0:57  Drone  
  17  1:13  Drone, Spawning Pool  
  17  1:16  Extractor  
  17  1:18  Drone  
  17  1:20  Drone  
  18  1:29  Drone  
  19  1:43  Overlord  
  19  2:00  Queen  
  21  2:01  Zergling x4  
  23  2:08  Queen  
  23  2:09  Zergling x2  
  23  2:13  Drone  
  27  2:21  Metabolic Boost  
  29  2:22  Drone x2  
  29  2:48  Drone x3  
  29  2:50  Queen  
  34  3:01  Hatchery  
  34  3:04  Overlord  
  33  3:06  Drone x3  
  33  3:11  Overlord  
  36  3:27  Drone x7  
  43  3:35  Overlord  
  43  3:46  Drone x2  
  43  3:47  Queen x2  
  49  3:54  Overlord  
  49  3:55  Drone x3  
  51  4:00  Drone  
  51  4:01  Drone x3  
  56  4:08  Spine Crawler  
  55  4:13  Overlord  
  55  4:14  Drone x2  
  57  4:17  Queen  
  57  4:22  Queen  
  61  4:31  Lair  
  61  4:36  Zergling x6  
  64  4:40  Zergling x6  
  66  4:45  Overlord  
  64  5:15  Drone  
  64  5:16  Drone x7  
  64  5:17  Drone x6  
  78  5:26  Drone x2  
  80  5:30  Drone x2  
  80  5:31  Evolution Chamber x2  
  80  5:34  Drone  
  81  5:36  Hatchery  
  81  5:37  Hatchery  
  79  5:44  Overseer  
  79  5:47  Zergling x6  
  82  5:50  Extractor  
  82  5:54  Extractor  
  82  5:55  Extractor  
  82  5:56  Zergling x2, Extractor x2  
  82  5:57  Zergling x14  
  80  5:58  Zergling x2  
  80  5:59  Zerg Ground Armor Level 1  
  80  6:03  Drone x2  
  88  6:12  Drone x2  
  90  6:24  Overlord x2, Baneling Nest  
  81  6:41  Zerg Melee Weapons Level 1  
  81  6:44  Drone x2  
  81  6:46  Drone x6  
  89  6:50  Drone  
  89  7:05  Queen  
  89  7:07  Zergling x4  
  89  7:08  Zergling x28  
  107  7:10  Centrifical Hooks  
  107  7:12  Drone  
  107  7:13  Queen, Spire  
  109  7:19  Baneling  
  109  7:20  Overlord x3, Baneling x14  
  109  7:32  Drone, Infestation Pit  
  109  7:39  Zergling x2  
  109  7:40  Zergling x22  
  109  7:42  Baneling  
  109  7:43  Baneling x9  
  121  7:44  Baneling x2  
  121  7:56  Zerg Ground Armor Level 2  
  121  7:59  Zergling x4  
  121  8:00  Zergling x22  
  134  8:13  Overlord x2  
  121  8:45  Mutalisk  
  121  8:46  Mutalisk x7  
  129  8:49  Drone x13  
  129  8:50  Drone x2  
  129  8:51  Drone  
  145  8:56  Hive  
  145  9:00  Hatchery  
  144  9:13  Extractor x2  
  144  9:14  Overseer  
  144  9:15  Pneumatized Carapace  
  144  9:16  Zerg Melee Weapons Level 2  
  142  9:17  Zergling x2  
  142  9:18  Zergling x14  
  142  9:22  Overlord x2  
  142  9:23  Overlord x3  
  150  9:46  Overlord  
  150  9:48  Zergling x16  
  150  9:49  Zergling x18  
  166  9:59  Baneling  
  166  10:00  Baneling x16  
  166  10:15  Zerg Ground Armor Level 3  
  166  10:16  Adrenal Glands  
  166  10:19  Ultralisk Cavern  
  166  10:20  Queen  
  158  10:28  Zergling x2  
  158  10:29  Zergling x44  
  158  10:30  Zergling x12  
  174  11:11  Chitinous Plating  
  174  11:15  Ultralisk x4  
  198  11:19  Greater Spire  
  198  11:36  Baneling x2  
  198  11:37  Baneling x7  
  198  11:51  Drone  
  196  12:09  Extractor  
  196  12:12  Extractor  
  194  12:27  Overlord  
  194  12:28  Overlord x3  
  194  12:29  Drone x2  
  175  12:44  Ultralisk x3  
  175  12:48  Ultralisk  
  175  12:49  Zergling x2  
  200  12:52  Baneling  
  200  12:53  Baneling x8  
  179  13:29  Hatchery  
  167  13:41  Zergling x6  
Tags
 
Add a new tag
Caveats
  • Supply blocks, unpowered buildings, or Contaminate may cause inaccurate times.
  • Supply counts are checked every 10 seconds.